Map: Simulacrum LE

Players

llllllllllll - Winner!

  • Race: Protoss Protoss
  • League: Grandmaster
  • Spawn Location: 5:00

neuro

  • Race: Zerg Zerg
  • League: Master
  • Spawn Location: 11:00

VOD

Have the link to the VOD?

Description

Time

  • Played on: Dec. 16, 2019, 7:16 p.m.
  • Length: 9:56
Show
View Real Time Build Order
Export as new Build Order

llllllllllll Protoss - Winner!

Build Orders:  

Get SALT Encoding   

  12  0:00  Probe  
  13  0:12  Probe  
  14  0:18  Pylon  
  14  0:24  Probe (Chrono Boost)  
  15  0:38  Gateway, Probe (Chrono Boost)  
  16  0:42  Probe (Chrono Boost)  
  16  0:47  Assimilator  
  17  0:52  Probe  
  18  1:01  Forge  
  18  1:05  Probe  
  19  1:14  Pylon  
  19  1:17  Probe  
  20  1:27  Cybernetics Core  
  20  1:29  Probe  
  21  1:41  Photon Cannon  
  21  1:59  Probe  
  22  2:02  Assimilator  
  22  2:11  Probe  
  23  2:15  Stargate  
  23  2:19  Pylon  
  23  2:23  Probe  
  24  2:30  Shield Battery  
  24  2:37  Pylon  
  24  2:48  Photon Cannon  
  24  2:55  Photon Cannon, Shield Battery  
  24  3:11  Fleet Beacon  
  24  3:28  Shield Battery  
  24  3:29  Shield Battery  
  24  3:51  Tempest (Chrono Boost), Sentry  
  31  4:02  Shield Battery  
  31  4:05  Pylon  
  31  4:23  Tempest (Chrono Boost)  
  35  4:35  Shield Battery  
  35  4:36  Shield Battery  
  35  4:40  Shield Battery  
  35  4:58  Tempest (Chrono Boost)  
  40  5:14  Shield Battery  
  40  5:27  Shield Battery x2  
  40  5:33  Photon Cannon  
  40  5:38  Tempest (Chrono Boost)  
  45  5:49  Shield Battery  
  45  6:11  Tempest (Chrono Boost)  
  45  6:12  Pylon  
  50  6:29  Pylon  
  50  6:30  Pylon  
  50  6:42  Tempest  
  55  6:58  Shield Battery  
  55  6:59  Shield Battery  
  55  7:00  Shield Battery  
  55  7:31  Tempest  
  55  7:36  Pylon  
  60  7:58  Shield Battery x2  
  60  8:08  Shield Battery  
  60  8:14  Tempest  
  65  8:34  Shield Battery  
  65  8:45  Nexus  
  65  9:04  Tempest  
  70  9:28  Probe  
  71  9:45  Shield Battery  
  71  9:46  Shield Battery  
Show
View Real Time Build Order
Export as new Build Order

neuro Zerg 

Build Orders: Hatch First 

Get SALT Encoding   

  12  0:01  Drone  
  13  0:13  Overlord  
  13  0:17  Drone  
  14  0:31  Drone x2  
  16  0:49  Hatchery  
  15  0:52  Drone  
  15  0:56  Drone  
  17  1:00  Drone  
  18  1:11  Extractor  
  17  1:17  Spawning Pool  
  17  1:18  Drone  
  17  1:21  Drone  
  18  1:33  Drone  
  19  1:41  Drone  
  20  1:51  Overlord  
  20  2:04  Queen x2  
  20  2:05  Zergling x4  
  26  2:12  Spine Crawler  
  25  2:16  Drone x2  
  25  2:20  Metabolic Boost  
  27  2:30  Zergling x4  
  27  2:35  Drone x2  
  31  2:44  Overlord  
  31  2:45  Queen  
  31  2:50  Drone  
  34  3:02  Drone x2  
  36  3:14  Overlord  
  36  3:18  Drone x7  
  43  3:32  Queen x2  
  43  3:33  Zergling x4  
  49  3:51  Overlord x2  
  49  3:54  Zergling x6  
  52  4:12  Drone x6  
  52  4:13  Queen  
  60  4:26  Spore Crawler  
  59  4:36  Queen  
  59  4:37  Drone x3  
  59  4:38  Hatchery  
  63  4:46  Spore Crawler  
  63  4:47  Spore Crawler  
  61  4:55  Zergling x4  
  61  4:56  Zergling x10  
  64  5:08  Lair  
  64  5:09  Drone x3  
  63  5:21  Zergling x6  
  63  5:27  Hatchery  
  61  5:32  Drone x2  
  61  5:33  Drone x2, Queen  
  66  5:36  Extractor  
  66  5:37  Extractor  
  66  5:42  Drone x2  
  66  5:54  Spore Crawler x3  
  66  5:55  Overlord x3  
  63  5:57  Spore Crawler x3  
  60  6:09  Queen  
  60  6:10  Drone x4  
  62  6:18  Queen  
  62  6:19  Queen  
  66  6:26  Drone  
  66  6:27  Drone x3, Spire  
  67  6:52  Drone x3  
  67  6:53  Drone x11  
  75  7:04  Drone x2, Spore Crawler  
  75  7:05  Spore Crawler  
  75  7:06  Queen  
  76  7:18  Queen  
  70  7:38  Overlord x2, Corruptor x3  
  70  7:39  Corruptor x4  
  70  7:42  Corruptor  
  84  7:54  Corruptor  
  84  8:03  Drone x7  
  84  8:04  Drone x5  
  84  8:05  Queen  
  98  8:06  Extractor x2  
  96  8:18  Corruptor  
  96  8:19  Corruptor  
  100  8:23  Queen  
  98  8:34  Extractor  
  98  8:37  Drone x7  
  102  8:42  Lair  
  102  8:46  Hatchery  
  90  9:06  Overlord x2  
  90  9:07  Overlord x4  
  90  9:08  Queen  
  90  9:09  Queen  
  80  9:17  Corruptor  
  80  9:22  Corruptor  
Tags
 
Add a new tag
Caveats
  • Supply blocks, unpowered buildings, or Contaminate may cause inaccurate times.
  • Supply counts are checked every 10 seconds.